 Dungeon Crawl Stone Soup version 0.17-a0-119-g2b06fc5 (webtiles) character file.

116 Pikaro the Slasher (level 4, -17/29 HPs)
             Began as a High Elf Skald on Mar 21, 2015.
             Killed from afar by Restia's ghost (18 damage)
             ... with a flame tongue
             ... on level 3 of the Dungeon.
             The game lasted 00:05:58 (2969 turns).

Pikaro the Slasher (High Elf Skald)                 Turns: 2969, Time: 00:05:59

Health: -17/29     AC:  6    Str: 12    XL:     4   Next: 69%
Magic:  11/11      EV: 17    Int: 15    God:
Gold:   88         SH:  5    Dex: 20    Spells: 1 memorised, 6 levels left

rFire  . . .     SeeInvis .     a - +0 falchion
rCold  . . .     Clarity  .     r - +0 ring mail
rNeg   . . .     SustAb   .     i - +0 buckler
rPois  .         Gourm    .     (no helmet)
rElec  .         Spirit   .     k - +0 cloak
rCorr  .         Warding  .     (no gloves)
rMut   .         Stasis   .     (no boots)
MR     .....                    (no amulet)
Stlth  ++........               (no ring)
                                m - +2 ring of evasion

@: agile, infused, not resistant to hostile enchantments, unstealthy
A: no striking features
a: no special abilities


You were on level 3 of the Dungeon.
You were hungry.

You visited 1 branch of the dungeon, and saw 3 of its levels.

You collected 88 gold pieces.

Inventory:

Hand weapons
 a - a +0 falchion (weapon)
Armour
 i - a +0 buckler (worn)
   (You found it on level 1 of the Dungeon)
 k - a +0 cloak (worn)
   (You found it on level 1 of the Dungeon)
 r - a +0 ring mail (worn)
   (You found it on level 2 of the Dungeon)
Jewellery
 b - an uncursed ring of teleport control {unknown}
   (You took it off a goblin on level 2 of the Dungeon)
 m - a +2 ring of evasion (left hand)
   (You found it on level 2 of the Dungeon)
Scrolls
 e - a scroll of remove curse {unknown}
 f - a scroll of identify
 l - a scroll of enchant armour {unknown}
 o - 2 scrolls of teleportation {unknown}
 p - 2 scrolls of enchant weapon {unknown}
Potions
 h - a potion of might
 s - a potion of brilliance
 t - a potion of berserk rage {!q}
Books
 c - a book of Battle
Comestibles
 d - a bread ration
 g - a royal jelly
 j - a meat ration
 q - 6 fruits


   Skills:
 - Level 2.0 Fighting
 + Level 4.6 Long Blades
 - Level 0.8 Armour
 - Level 1.1 Dodging
 + Level 2.5 Shields
 - Level 2.4 Spellcasting
 - Level 3.6 Charms


You had 6 spell levels left.
You knew the following spells:

 Your Spells              Type           Power        Failure   Level  Hunger
A - Infusion              Chrm           ##....       14%         1    #......


Dungeon Overview and Level Annotations

Branches:
Dungeon (3/15)

Altars:
Dithmenos
Nemelex Xobeh
Vehumet
Xom

Annotations:
D:3 Restia's ghost, average DEFE


Message History

You see here a rat corpse.
You butcher the rat corpse.
t - a chunk of flesh You see here a rat skeleton.
Eating a chunk of flesh.
You continue eating. x2
Items here: rat skeleton You start resting.
Health restored: 29; Total turns waited: 22 You see here a club.
You found a shaft!
Found a shimmering altar of Xom.
Found a sparkling altar of Nemelex Xobeh.
No target in view!
Done exploring.
Read which item? (? for menu, Esc to quit)
As you read the scroll labeled CHIG ATON KHISOCU, it crumbles to dust.
It is a scroll of identify.
Identify which item? (\ to view known items) (? for menu, Esc to quit)
s - a potion of brilliance
(D) Dungeon
Where to? (Enter - D:1 @ (x,y), ? - help)
There is a fountain of clear blue water here.
You see here a club.
A kobold comes into view. It is wielding a club.
The kobold shouts!
You block the kobold's attack.
You closely miss the kobold. You closely miss the kobold.
The kobold hits you but does no damage.
You hit the kobold!
You kill the kobold!
No target in view! a club; a kobold corpse Done exploring.
(D) Dungeon
Where to? (Enter - D:3, ? - help)
You are feeling hungry.
You see here a kobold skeleton.
There is a stone staircase leading down here.
You climb downwards.
There is a stone staircase leading up here.
An ooze comes into view.
The ooze quivers.
The ooze misses you.
You hit the ooze! The ooze barely misses you.
You hit the ooze. The ooze hits you but does no damage.
You hit the ooze.
You kill the ooze!
No target in view!
t - a silvery potion Read which item? (? for menu, Esc to quit)
Identify which item? (\ to view known items) (? for menu, Esc to quit)
As you read the scroll of identify, it crumbles to dust.
t - a potion of berserk rage A hobgoblin and a player ghost come into view.
The hobgoblin shouts!
Restia's ghost turns its malevolent gaze towards you.
Here: Restia's ghost The floor.
A kobold comes into view. It is wielding a short sword.
You begin infusing your attacks with magical energy.
Restia's ghost gestures at you while chanting.
The flame tongue hits you!
The kobold throws a stone.
The stone hits you.
You take 14 damage, and have 15/29 hp.
MASSIVE DAMAGE!!
You now have 10/11 mp.
You slash the hobgoblin!
You kill the hobgoblin!
Restia's ghost gestures at you while chanting.
The flame tongue hits you!
* * * LOW HITPOINT WARNING * * *
The kobold throws a stone.
The stone hits you but does no damage.
You take 14 damage, and have 1/29 hp.
MASSIVE DAMAGE!!
Drink which item? (? for menu, Esc to quit)
You feel agile all of a sudden.
You closely miss Restia's ghost.
Restia's ghost hits you but does no damage.
The kobold throws a stone.
The stone hits you but does no damage.
Restia's ghost shrieks, "You will never get the ORB!"
Restia's ghost points at you and mumbles some strange words.
The flame tongue misses you.
You closely miss Restia's ghost.
The kobold throws a stone.
The stone completely misses you. Restia's ghost closely misses you.
You miss Restia's ghost.
The kobold throws a stone.
The stone barely misses you.
Restia's ghost hits you but does no damage.
You hit Restia's ghost but do no damage.
Restia's ghost says very slowly, "There's no hope."
Restia's ghost hits you but does no damage.
You barely miss Restia's ghost.
Restia's ghost shouts, "You will never get the ORB!"
Restia's ghost gestures at you while chanting.
The flame tongue misses you.
MP restored: 11 You miss Restia's ghost.
Restia's ghost casts a spell at you. The flame tongue hits you!
Ouch! That really hurt!
You die...

. #..##..#
#..#...#
##.(#.#.##
..........#
##.#...#.# .
#.#.....###....
...##.#.##......##
#..[...(#.[......#
#...W@.?........
#................
#.#.K#...........
#..#....[..... ...
..........
........)..... .#
.#.#.....
..#...... ....


You could see Restia's ghost and a kobold.

Vanquished Creatures
  An orc priest (D:2)
  2 gnolls
  2 adders (D:2)
  A worm (D:2)
  An ooze (D:3)
  2 orcs (D:2)
  2 bats (D:1)
  4 goblins
  9 hobgoblins
  A quokka (D:2)
  2 ball pythons (D:1)
  2 giant cockroaches (D:2)
  3 giant geckos
  A giant newt (D:2)
  5 kobolds
  3 rats (D:2)
41 creatures vanquished.

Notes
Turn   | Place    | Note
--------------------------------------------------------------
     0 | D:1      | Pikaro, the High Elf Skald, began the quest for the Orb.
     0 | D:1      | Reached XP level 1. HP: 14/14 MP: 4/4
   660 | D:1      | Reached skill level 3 in Long Blades
   806 | D:1      | Reached XP level 2. HP: 19/19 MP: 6/6
  1014 | D:2      | Reached skill level 1 in Shields
  1175 | D:2      | Reached XP level 3. HP: 7/24 MP: 8/8
  1175 | D:2      | HP: 6/24 [poisoned by an adder]
  1180 | D:2      | HP: 7/36 [poisoned by an adder]
  1187 | D:2      | HP: 6/36 [poisoned by an adder]
  1192 | D:2      | HP: 5/36 [poisoned by an adder]
  1198 | D:2      | HP: 5/36 [poisoned by an adder]
  1204 | D:2      | HP: 4/36 [poisoned by an adder]
  1209 | D:2      | HP: 4/36 [poisoned by an adder]
  1526 | D:2      | Found a shadowy altar of Dithmenos.
  1771 | D:2      | Reached skill level 2 in Shields
  1869 | D:2      | Found a radiant altar of Vehumet.
  2001 | D:2      | Reached skill level 4 in Long Blades
  2058 | D:2      | Reached XP level 4. HP: 26/29 MP: 11/11
  2754 | D:2      | Found a shimmering altar of Xom.
  2897 | D:2      | Found a sparkling altar of Nemelex Xobeh.
  2958 | D:3      | Noticed Restia's ghost (average DEFE)
  2962 | D:3      | HP: 1/29 [Restia's ghost/flame tongue (14)]
  2969 | D:3      | Killed from afar by Restia's ghost

Action                   |  1- 3 |  4- 6 || total
-------------------------+-------+-------++-------
Melee: Falchion          |    90 |    42 ||   132
 Cast: Infusion          |       |     1 ||     1
  Use: Potion            |     3 |     1 ||     4
       Scroll            |       |     2 ||     2
  Eat: Chunk             |     3 |     3 ||     6

Vault maps used:
D:1:      dpeg_arrival_circle_labyrinth_c, nrook_mini_vaults,
          grunt_decor_resistance
D:2:      grunt_temple_overflow_cloverleaf
D:3:      feat_on_display

Table legend:
 A = Turns spent in this place as a percentage of turns spent in the entire game.
 B = Non-inter-level travel turns spent in this place as a percentage of non-inter-level travel turns spent in the entire game.
 C = Inter-level travel turns spent in this place as a percentage of turns spent in this place.
 D = Turns resting spent in this place as a percentage of non-inter-level travel turns spent in this place.
 E = Turns spent auto-exploring this place as a percentage of non-inter-level travel turns spent in this place.
 F = Non-inter-level travel turns spent in this place divided by the number of levels of this place that you've seen.
                   A       B       C       D       E      F
               +-------+-------+-------+-------+-------+----------------------
         Total | 100.0 | 100.0 |   0.8 |   9.1 |   9.1 | 202.0
       Dungeon | 100.0 | 100.0 |   0.8 |   9.1 |   9.1 | 202.0
               +-------+-------+-------+-------+-------+----------------------

Table legend:
 A = Kills in this place as a percentage of kills in entire the game.
 B = Kills by you in this place as a percentage of kills by you in the entire game.
 C = Kills by friends in this place as a percentage of kills by friends in the entire game.
 D = Other kills in this place as a percentage of other kills in the entire game.
 E = Experience gained in this place as a percentage of experience gained in the entire game.
 F = Experience gained in this place divided by the number of levels of this place that you have seen.
                   A       B       C       D       E      F
               +-------+-------+-------+-------+-------+----------------------
         Total | 100.0 | 100.0 |  -nan |  -nan | 100.0 |  55.3
       Dungeon | 100.0 | 100.0 |  -nan |  -nan | 100.0 |  55.3
               +-------+-------+-------+-------+-------+----------------------
